 Dungeon Crawl Stone Soup version 0.31-a0-149-g3fdcc5976a (webtiles) character file.

Game seed: 2659143758673762516

112 jlumianski the Magician (level 5, -6/36 HPs)
             Began as a Djinni Fire Elementalist on June 8, 2023.
             Mangled by an orc
             ... wielding a +0 trident
              (9 damage)
             ... on level 3 of the Dungeon.
             The game lasted 00:12:11 (2289 turns).

jlumianski the Magician (Djinni Fire Elementalist)  Turns: 2289, Time: 00:12:12

Health: -6/36      AC:  3    Str:  7    XL:     5   Next: 16%
Gold:   146        EV: 13    Int: 19    God:
                   SH:  0    Dex: 13

rFire   + + .        h - +0 short sword
rCold   x . .        (no shield)
rNeg    . . .        a - +0 robe
rPois   ∞            e - +0 helmet
rElec   .            (no cloak)
rCorr   .            (no gloves)
SInv    .            (boots unavailable)
Will    .....        (no amulet)
Stlth   ++           f - ring of wizardry
HPRegen 0.26/turn    (no ring)
MPRegen 0.00/turn

%: wizardry (x1), infuse magic (-7 HP)
@: flying, invisible (expiring)
A: sickness immunity, fire resistance 2, cold vulnerability 1, float, innate
caster, HP casting, extra vitality 1
a: no special abilities


You were on level 3 of the Dungeon.
You visited 1 branch of the dungeon, and saw 3 of its levels.

You collected 146 gold pieces.

Inventory:

Hand Weapons
 c - a +0 dagger
 h - a +0 short sword (weapon)
Missiles
 k - 2 poisoned darts
 n - a throwing net
Armour
 a - a +0 robe (worn)
 e - a +0 helmet (worn)
Jewellery
 f - a ring of wizardry (left hand)
Wands
 m - a wand of roots (8)
Scrolls
 d - a scroll of blinking
 g - a scroll of noise {unknown}
 j - a scroll of fog {unknown}
 l - a scroll of amnesia {unknown}
Potions
 i - a potion of brilliance


   Skills:
 + Level 0.7 Fighting
 + Level 0.4 Short Blades
 + Level 3.4 Dodging
 + Level 2.5 Stealth
 * Level 3.6 Spellcasting
 * Level 3.6 Conjurations
 * Level 3.6 Hexes
 * Level 3.6 Summonings
 * Level 3.6 Necromancy
 * Level 3.6 Translocations
 * Level 3.6 Transmutations
 * Level 3.6 Fire Magic
 * Level 3.6 Ice Magic
 * Level 3.6 Air Magic
 * Level 3.6 Earth Magic
 * Level 3.6 Poison Magic


You knew the following spells:

 Your Spells              Type           Power      Damage    Failure   Level
a - Foxfire               Conj/Fire      68%        2x1d7     1%          1
b - Scorch                Fire           34%        2d6       1%          2
c - Volatile Blastmotes   Fire/Tloc      34%        2d12      4%          3
d - Inner Flame           Hex/Fire       17%        N/A       4%          3
e - Flame Wave            Conj/Fire      17%        2d7       13%         4
f - Apportation           Tloc           34%        N/A       1%          1
g - Wereblood             Tmut           17%        N/A       1%          2
Your spell library was empty.

Dungeon Overview and Level Annotations

Branches:
Dungeon (3/15)

Altars:


Innate Abilities, Weirdness & Mutations

You are immune to sickness and miasma.
You are immune to poison.
Your flesh is very heat resistant. (rF++)
You are vulnerable to cold. (rC-)
You float through the air rather than walking.
You learn spells naturally, not from books.
Your magical power is your life essence.
You have superior vitality. (+4 MHP)


Message History

You're too confused to cast spells.
Unknown command.
Okay, then.
An orc comes into view. It is wielding a +0 trident.
You hear some strange, mumbled words.
You are more confused.
You're too confused to cast spells.
You're too confused to cast spells.
You fade into invisibility!
A magic dart appears from out of thin air!
The magic dart hits you!
An orc comes into view. It is wielding a +0 club.
The orc closely misses you.
You hear some strange, mumbled words.
You are more confused.
The orc barely misses you. Something hits you.
You are too confused!
Something hits you.
You hear some strange, mumbled words.
Something tries to affect you, but you resist.
The orc hits you with a +0 club.
You hear some strange, mumbled words.
A magic dart appears from out of thin air!
The magic dart hits you!
* * * LOW HITPOINT WARNING * * *
You're too confused to move!
You flicker for a moment.
The orc closely misses you. Something hits you.
* * * LOW HITPOINT WARNING * * *
You barely miss the orc. The orc closely misses you.
You hear some strange, mumbled words.
A puff of flame appears from out of thin air!
The puff of flame hits you. You resist.
* * * LOW HITPOINT WARNING * * *
The orc hits you but does no damage. Something barely misses you.
You bump into the rock wall.
You feel less confused.
The orc hits you from afar with a +0 trident!
You die...

##### #. #...###
#.. ##### #.....
#...## #... #...#
#..)o##{#####...#
#...@o#....#.#####
#.....#.##.#.....#
##.##)#.#.^...)#.#
#......#........#
####.###.####.###
## #..... #.# #.
###### #.### #.
###...###.
#..)....#.


You could see 2 orcs.

Vanquished Creatures
  4 gnolls (D:3)
  An adder (D:2)
  A worm (D:2)
  2 dart slugs (D:1)
  5 endoplasms (D:1)
  2 giant cockroaches (D:2)
  3 goblins
  4 hobgoblins
  6 jackals (D:1)
  3 quokkas
  5 ball pythons
  6 bats
  4 frilled lizards
  5 kobolds
  5 rats
56 creatures vanquished.

Vanquished Creatures (collateral kills)
  A foxfire (D:1)
1 creature vanquished.

Vanquished Creatures (others)
  123 foxfires
123 creatures vanquished.

Grand Total: 180 creatures vanquished

Notes
Turn   | Place    | Note
-------+----------+-------------------------------------------
     0 | D:1      | jlumianski the Djinni Fire Elementalist began the quest for
                  | the Orb.
     0 | D:1      | jlumianski set off with the following spells memorised:
                  | Foxfire, Scorch, Volatile Blastmotes, Inner Flame, Flame
                  | Wave.
     0 | D:1      | Reached XP level 1. HP: 15/15 MP: 0/0
   368 | D:1      | Reached XP level 2. HP: 15/21 MP: 0/0
   512 | D:1      | Reached XP level 3. HP: 23/25 MP: 0/0
   512 | D:1      | Learned a level 1 spell: Apportation
   796 | D:1      | Found a faded altar of an unknown god.
  1278 | D:2      | Reached XP level 4. HP: 30/31 MP: 0/0
  2128 | D:3      | Reached XP level 5. HP: 26/36 MP: 0/0
  2128 | D:3      | Learned a level 2 spell: Wereblood
  2289 | D:3      | Mangled by an orc

Illustrated notes

Levels and vault maps discovered:
D:1:      dpeg_arrival_pond, layout_basic, serial_forest,
          infiniplex_forest_lined_3_way, infiniplex_forest_clump_diagonal,
          infiniplex_forest_straight_5, infiniplex_forest_fountain,
          shapermc_ecumenical_altar_totnotflames, minmay_misc_feat_enclosed
D:2:      layout_loops_ring
D:3:      layout_basic

Skill      XL: |  1  2  3 |
---------------+----------+-----
Spellcasting   | |  3.6
Conjurations   | |  3.6
Hexes          | |  3.6
Summonings     | |  3.6
Necromancy     | |  3.6
Translocations | |  3.6
Transmutations | |  3.6
Fire Magic     | |  3.6
Ice Magic      | |  3.6
Air Magic      | |  3.6
Earth Magic    | |  3.6
Poison Magic   | |  3.6
Stealth        | 2 |  2.5
Dodging        | 3 |  3.4
Fighting       | |  0.7
Short Blades   | |  0.4

Action                     |  1- 3 |  4- 6 || total
---------------------------+-------+-------++-------
  Melee: Dagger            |    23 |       ||    23
         Short sword       |     3 |    19 ||    22
   Cast: Foxfire           |    42 |    28 ||    70
         Scorch            |       |     2 ||     2
    Use: Scroll            |       |     3 ||     3
         Potion            |       |     1 ||     1
   Stab: Sleeping          |     2 |       ||     2
 Armour: Robe              |    11 |     6 ||    17
  Dodge: Dodged            |    23 |    14 ||    37

Table legend: (Time is in decaauts)
 A = Elapsed time spent in this place.
 B = Non-inter-level travel time spent in this place.
 C = Inter-level travel time spent in this place.
 D = Time resting spent in this place.
 E = Time spent auto-exploring this place.
 F = Levels seen in this place.
 G = Mean time per level.
                   A        B        C        D        E       F      G
               +--------+--------+--------+--------+--------+-----+--------+
         Total |   2289 |   2246 |     43 |    119 |   1533 |   3 |  763.0 |
       Dungeon |   2289 |   2246 |     43 |    119 |   1533 |   3 |  763.0 |
               +--------+--------+--------+--------+--------+-----+--------+

Top non-repeatable levels by time:
     D:1: 1167 daAuts
     D:2: 789 daAuts
     D:3: 332 daAuts
